 Dungeon Crawl Stone Soup version 0.22-b1-26-g9dbaab1 (webtiles) character file.

670616 nicolaieve the Invulnerable (level 27, -9/191 HPs)
             Began as a Minotaur Berserker on Aug 8, 2018.
             Was a High Priest of Trog.
             Killed from afar by an orb of fire (16 damage)
             ... with a fireball
             ... on level 5 of the Realm of Zot.
             The game lasted 07:28:59 (55990 turns).

nicolaieve the Invulnerable (Minotaur Berserker)   Turns: 55990, Time: 07:29:00

Health: -9/191     AC: 48    Str: 27 (28) XL:     27
Magic:  31/31      EV: 24    Int:  5      God:    Trog [*****.]
Gold:   7479       SH: 36    Dex: 21      Spells: 26/26 levels left

rFire    + . .     SeeInvis +   A - +9 eveningstar (crush)
rCold    + . .     Gourm    .   W - +8 large shield
rNeg     + . .     Faith    .   Z - +7 gold dragon scales
rPois    +         Spirit   .   e - +3 hat of Pondering {ponderous, MR+ MP+10 Int+5}
rElec    .         Reflect  .   E - +2 cloak {rPois}
rCorr    .         Harm     .   h - +1 pair of gloves of Beauty {SInv}
MR       +++++     Rnd*Rage +   j - +2 pair of boots of the Assassin {Detection Stab+ Stlth++} Stlth ..........Rnd*Tele +
                                D - amulet of the acrobat
HPRegen  1.41/turn              p - ring "Ibiocvut" {MR++ Str+6 Dex+4}
MPRegen  0.22/turn              C - ring of positive energy

@: regenerating, slow
A: retaliatory headbutt, horns 2, berserk 1, blurry vision 2, clumsy 1,
deterioration 1, dopey 2, frail 3, low mp 2, teleportitis 2, weak 2, subdued
magic 1
}: 3/15 runes: decaying, serpentine, silver
a: Berserk, Trog's Hand, Brothers in Arms, Renounce Religion


You were on level 5 of the Realm of Zot.
You worshipped Trog.
Trog was extremely pleased with you.
You were not hungry.

You visited 9 branches of the dungeon, and saw 49 of its levels.
You visited the Abyss 1 time.

You collected 8058 gold pieces.
You spent 579 gold pieces at shops.

Inventory:

Hand Weapons
 r - a +4 sacred scourge of holy wrath
 A - a +9 eveningstar of crushing (weapon)
Armour
 e - the +3 hat of Pondering (worn) {ponderous, MR+ MP+10 Int+5}
   (You took it off Gastronok on level 11 of the Dungeon)

   It affects your intelligence (+5).
   It affects your resistance to hostile enchantments.
   It affects your magic capacity (+10).
 h - the +1 pair of gloves of Beauty (worn) {SInv}
   (You found it on level 2 of the Elven Halls)

   It lets you see invisible.
 j - the +2 pair of boots of the Assassin (worn) {Detection Stab+ Stlth++}
   (You acquired it on level 3 of the Swamp)

   It makes you much more stealthy.
 E - a +2 cloak of poison resistance (worn)
 W - a +8 large shield (worn)
 Z - +7 gold dragon scales (worn)
Jewellery
 d - the amulet "Hyt Pyn" {Faith MP+9 Int+4 Slay+2}
   (You acquired it on level 6 of the Lair of Beasts)

   [amulet of faith]

   It allows you to gain divine favour quickly.
   It affects your intelligence (+4).
   It affects your accuracy and damage with ranged weapons and melee attacks
   (+2).
   It affects your magic capacity (+9).
 g - an uncursed ring of protection from fire
 p - the ring "Ibiocvut" (left hand) {MR++ Str+6 Dex+4}
   (You acquired it on level 3 of the Swamp)

   [ring of strength]

   It affects your strength (+6).
   It affects your dexterity (+4).
   It affects your resistance to hostile enchantments.
 C - a ring of positive energy (right hand)
 D - an amulet of the acrobat (around neck)
 Q - an uncursed ring of resist corrosion
 Y - a +4 amulet of reflection
Wands
 q - a wand of polymorph (25)
 v - a wand of random effects (54)
 x - a wand of paralysis (27)
 z - a wand of iceblast (49)
 B - a wand of flame (108)
 G - a wand of scattershot (6)
 I - a wand of acid (9)
 K - a wand of digging (38)
 M - a wand of enslavement (64)
 U - a wand of disintegration (19)
Scrolls
 f - 8 scrolls of magic mapping
 i - 8 scrolls of fear
 k - 22 scrolls of remove curse
 n - 20 scrolls of teleportation
 s - a scroll of blinking
 t - 5 scrolls of holy word
 y - 11 scrolls of fog
 F - 10 scrolls of enchant weapon
 J - 15 scrolls of identify
 N - a scroll of summoning
 V - 2 scrolls of silence
Potions
 a - 3 potions of resistance
 l - 2 potions of invisibility
 m - 2 potions of agility
 o - 19 potions of curing
 u - 3 potions of mutation
 w - 4 potions of cancellation
 H - 8 potions of flight
 L - 6 potions of haste
 P - 6 potions of might
 T - 5 potions of ambrosia
 X - 4 potions of heal wounds
Comestibles
 c - 59 rations


   Skills:
 O Level 27 Fighting
 - Level 16.0 Maces & Flails
 O Level 27 Armour
 * Level 25.8 Dodging
 O Level 27 Shields
 - Level 6.0 Evocations


You had 26 spell levels left.
You didn't know any spells.
Your spell library was empty.

Dungeon Overview and Level Annotations

Branches:
Dungeon (15/15)            Temple (0/1) D:7            Lair (6/6) D:11
  Swamp (4/4) Lair:2        Snake (4/4) Lair:3        Slime (0/5) Lair:6
    Orc (2/2) D:10            Elf (3/3) Orc:2        Vaults (5/5) D:13
  Crypt (0/3) Vaults:2     Depths (5/5) D:15            Zot (5/5) Depths:5

Altars:
Cheibriados
Hepliaklqana
Kikubaaqudgha
Vehumet
Wu Jian
Xom
Yredelemnul
Beogh
Jiyva

Shops:
D:5 (   D:9 :   D:10 *   Orc:2 (:!*   Elf:1 %   Snake:2 (   Snake:3 !
Depths:3 !*

Portals:
Hell: Depths:1 Depths:2 Depths:3 Depths:4 Depths:5
Abyss: Depths:4
Pandemonium: Orc:2 Depths:3
Ziggurat: Depths:5

Annotations:
D:13 1 runed door, Rumuxzug's ghost, journeyman NaTm
Zot:5 3 runed doors, Derchecw's ghost, legendary KoAK


Innate Abilities, Weirdness & Mutations

You reflexively headbutt those who attack you in melee.
You have a pair of horns on your head.
You tend to lose your temper in combat.
Scrolls take you longer to read.
You are clumsy. (Dex -2)
Your body sometimes deteriorates upon taking damage.
You are very dopey. (Int -4)
You are extremely frail. (-30% HP)
Your magical capacity is very low. (-20% MP)
You are sometimes teleported next to monsters.
You are very weak. (Str -4)
Your spells are a little easier to cast, but a little less powerful.


Message History

The orb of fire is lightly damaged.
The orb of fire glows red.
Strange energies course through your body.
You feel less energetic.
Unknown command.
Unknown command.
Your troll goes berserk!
You feel quite a bit more hungry.
The orb of fire glows deep purple.
The fireball explodes!
The fireball engulfs you! You resist.
* * * LOW HITPOINT WARNING * * *
The fireball engulfs the orb of fire.
The orb of fire completely resists.
The orb of fire glows deep purple.
The bolt of fire hits you! You resist.
* * * LOW HITPOINT WARNING * * *
You thump the orb of fire!
The orb of fire is lightly damaged.
The orb of fire glows yellow.
The fireball explodes!
The fireball engulfs you! You resist.
You die...

..^....^.............▓...
.....................▓▓....
.....................▓ ▓...
^....................# ▓▓▓
....................##
..................▓
....).X........▓▓▓▓
▓.....##▓▓▓▓▓▓▓▓▓▓▓#
...............*@..###
..............T##....##
................###...###########
.................###.............
.........^.......# ##............
.................# #............
(........^.......# ##...........
........(........# #...........
..^.....[........# ##.........(.


You could see an orb of fire and a friendly troll (berserk).

Vanquished Creatures
  6 ancient liches
  4 orbs of fire
  Mennas (Depths:4)
  Sojobo (Depths:5)
  A shard shrike (Zot:1)
  A Killer Klown (Zot:5)
  Saint Roka (Snake:4)
  Frederick (Depths:4)
  6 caustic shrikes
  Xtahua (Depths:5)
  2 curse toes
  14 golden dragons
  Jory (Vaults:3)
  A bone dragon (Abyss:2)
  The ghost of Tayfeniu the Impregnable, an adept MiFi of the Shining One (Vaults:2)
  4 electric golems
  19 tentacled monstrosities
  3 liches
  A Hell Sentinel (Abyss:2)
  A hellephant (Zot:1)
  Rupert (D:15)
  A titan (Depths:5)
  18 Orb Guardians (Zot:5)
  7 quicksilver dragons
  2 deep elf master archers (Elf:3)
  2 deep elf blademasters (Elf:3)
  Asterion (Elf:1)
  2 tentacled starspawn (Abyss:2)
  Gastronok (D:11)
  8 sphinxes
  Kirke (Snake:2)
  2 thorn hunters
  Agnes (D:15)
  14 storm dragons
  6 death cobs
  12 tengu reavers
  A sphinx (shapeshifter) (Depths:2)
  5 nagarajas
  12 shadow dragons
  Donald (Elf:3)
  13 frost giants
  6 draconian knights
  12 deep elf sorcerers
  Louise (Swamp:2)
  5 draconian scorchers
  7 fire giants
  4 iron dragons
  2 orc warlords (Orc:1)
  2 draconian shifters
  4 ghost moths
  4 deep elf elementalists
  16 vault wardens
  19 ironheart preservers
  25 very ugly things
  A balrug (Depths:3)
  4 draconian annihilators
  An emperor scorpion (shapeshifter) (Depths:5)
  A ghoul (Vaults:4)
  2 spriggan defenders (Depths:5)
  5 draconian stormcallers
  2 vampire knights
  2 entropy weavers (Vaults:2)
  24 stone giants
  5 war gargoyles (Vaults:5)
  8 green draconians
  The ghost of Tioxzy the Earth Mage, a journeyman DEEE of Sif Muna (Lair:5)
  8 deep elf demonologists
  5 spark wasps
  13 deep elf annihilators
  7 black draconians
  5 white draconians
  8 red draconians
  10 purple draconians
  3 yellow draconians
  4 crystal guardians (Depths:4)
  7 deep elf death magi
  19 ettins
  Snorg (D:11)
  A fire dragon (shapeshifter) (Vaults:5)
  2 jiangshi (Depths:1)
  Fannar (Lair:3)
  5 deep elf high priests
  Josephine (D:14)
  17 yaktaur captains
  The ghost of biddum the Fencer, a journeyman MiFi of Qazlal (Lair:2)
  10 fire dragons
  10 great orbs of eyes
  9 rakshasas
  The ghost of Rwicked the Bludgeoner, a journeyman MiBe of Trog (D:10)
  45 vault guards
  5 anacondas
  Erolcha (Orc:1)
  A hell beast (Elf:3)
  9 spriggan air magi
  14 naga warriors
  An anaconda (shapeshifter) (Depths:2)
  12 ice dragons
  32 hydras
  Erica (D:11)
  2 catoblepae
  47 two-headed ogres
  11 centaur warriors
  20 deep troll shamans
  12 alligators
  A vampire mage (Depths:1)
  3 death knights
  8 death yaks (Lair:6)
  8 tengu warriors
  4 thrashing horrors (Abyss:2)
  14 ogre magi
  16 deep troll earth magi
  28 dancing weapons
  19 deep elf knights
  12 spriggan berserkers
  A storm dragon zombie (Depths:1)
  7 orc high priests (Orc:2)
  13 naga sharpshooters
  6 shock serpents
  A soul eater (Depths:3)
  5 wretched stars (Abyss:2)
  10 iron trolls
  3 salamander mystics (Snake:3)
  A shadow wraith (Vaults:3)
  2 flayed ghosts
  2 skeletal warriors (Vaults:5)
  A death drake (shapeshifter) (Vaults:1)
  A sea snake (Snake:1)
  6 glowing orange brains
  3 hell knights
  2 fire crabs (shapeshifter)
  An infernal demonspawn (Orc:2)
  An unseen horror (shapeshifter) (Depths:2)
  4 spriggan druids (Swamp:4)
  A torturous demonspawn (Orc:2)
  44 deep trolls
  8 swamp dragons
  5 unseen horrors
  3 necromancers
  5 naga ritualists
  10 wizards
  3 shambling mangroves
  An iron dragon zombie (Abyss:2)
  4 phantasmal warriors
  8 harpies
  26 deep elf archers
  16 orc knights
  A golden dragon skeleton (Vaults:5)
  11 large abominations
  An orb spider (shapeshifter) (Vaults:4)
  18 ironbrand convokers
  13 orc sorcerers
  A fire giant zombie (Depths:1)
  43 ugly things
  70 deep elf magi
  10 mana vipers
  5 elephants
  9 manticores
  A salamander (shapeshifter) (Elf:1)
  8 salamanders
  5 wolf spiders
  A frost giant zombie (Vaults:5)
  5 cyclopes
  27 moths of wrath
  A guardian serpent (shapeshifter) (Vaults:4)
  A human skeleton (Vaults:2)
  A rust devil (Orc:2)
  An apocalypse crab (Abyss:2)
  A frost giant skeleton (Depths:1)
  22 black mambas
  5 guardian serpents
  29 naga magi
  2 smoke demons (Abyss:2)
  12 spiny frogs
  13 vault sentinels
  A torpor snail (Lair:6)
  4 orange demons
  3 gargoyles
  A yaktaur zombie (Vaults:2)
  2 rime drakes
  9 freezing wraiths
  7 komodo dragons
  2 kobold demonologists
  A demonic crawler (Abyss:2)
  The ghost of feelmyfire the Destroyer, a novice DrCj (D:5)
  A spriggan skeleton (Depths:1)
  4 centaur skeletons
  2 tengu conjurers
  3 efreet
  50 yaktaurs
  14 starcursed masses (Abyss:2)
  11 trolls
  An ice devil (Depths:4)
  2 red devils (Depths:3)
  3 ancient zymes (Abyss:2)
  2 queen bees (shapeshifter)
  14 tyrant leeches
  2 jumping spiders (Vaults:2)
  A jumping spider (shapeshifter) (Vaults:2)
  Grinder (D:3)
  2 polar bears (Lair:6)
  4 raiju (Abyss:2)
  13 hornets
  21 blink frogs
  9 bog bodies
  A dream sheep (shapeshifter) (Depths:2)
  A harpy skeleton (D:15)
  6 hippogriffs
  8 dream sheep
  43 slime creatures
  A human simulacrum (Vaults:3)
  2 ettin zombies
  10 small abominations
  An ice dragon zombie (Depths:1)
  A meliai zombie (D:13)
  3 shadows
  2 redbacks (Vaults:2)
  A fire giant simulacrum (Vaults:2)
  An air elemental (Elf:3)
  A redback (shapeshifter) (Vaults:4)
  9 spriggans
  4 wyverns
  16 yaks
  3 ynoxinuls
  6 water elementals
  2 vampires (D:8)
  9 wraiths
  3 fire elementals
  5 hogs (Snake:2)
  A yak (shapeshifter) (Depths:4)
  4 fire bats (Abyss:2)
  4 basilisks
  12 vampire mosquitoes
  5 hungry ghosts
  A steam dragon (D:14)
  2 chaos spawn
  3 neqoxecs (Abyss:2)
  A deep troll zombie (Vaults:5)
  12 swamp worms
  A yaktaur simulacrum (Vaults:2)
  11 wargs
  A warg (shapeshifter) (Vaults:3)
  58 nagas
  16 insubstantial wisps
  2 hydra simulacra (Zot:1)
  A soldier ant (shapeshifter) (Depths:1)
  2 acid dragons
  6 water moccasins
  13 porcupines
  8 hell hounds
  69 orc warriors
  21 swamp drakes
  3 ice beasts
  An ice beast (shapeshifter) (Depths:1)
  4 phantoms
  3 sky beasts
  3 black bears
  A boggart (shapeshifter) (Vaults:5)
  14 boggarts
  11 wolves
  15 centaurs
  35 ogres
  An orc skeleton (Vaults:2)
  19 crocodiles
  14 bullfrogs
  4 gnoll sergeants
  2 wyvern zombies
  An earth elemental (Elf:1)
  A yaktaur skeleton (Depths:1)
  2 water moccasin zombies
  A wyvern skeleton (D:11)
  4 scorpions
  3 killer bees (D:10)
  A wight (Abyss:2)
  2 howler monkeys (D:10)
  2 electric eels
  A bullfrog zombie (D:5)
  8 crimson imps
  2 jellies
  2 quasits (Abyss:2)
  9 hounds
  3 iron imps
  3 bullfrog skeletons
  Crazy Yiuf (D:3)
  33 orc priests
  4 gnoll shamans
  23 orc wizards
  7 iguanas
  12 worker ants
  A killer bee zombie (D:9)
  3 hound skeletons
  A mummy (D:4)
  2 worker ant zombies
  Robin (D:4)
  54 gnolls
  19 adders
  3 shadow imps
  2 ufetubi (Abyss:2)
  An ooze (D:2)
  An adder zombie (D:8)
  2 adder skeletons
  4 dart slugs
  4 leopard geckos
  168 orcs
  A ball python (D:5)
  A bat (shapeshifter) (Depths:2)
  4 bats
  7 giant cockroaches
  11 goblins
  12 hobgoblins
  30 jackals
  3 kobolds
  4 quokkas
  2 frilled lizards
  2 jackal skeletons
  A jackal zombie (D:8)
  A quokka skeleton (D:5)
  11 rats
  5 briar patches (Swamp:4)
2539 creatures vanquished.

Vanquished Creatures (collateral kills)
  A golden dragon (Vaults:5)
  A deep elf blademaster (Elf:3)
  A titan (Vaults:5)
  A deep elf master archer (Elf:3)
  A tengu reaver (Vaults:5)
  A draconian knight (Zot:4)
  An ironheart preserver (Vaults:5)
  2 stone giants (Vaults:5)
  4 deep elf demonologists
  A deep elf high priest (Elf:1)
  2 ogre magi (Vaults:5)
  A vault guard (Vaults:5)
  3 two-headed ogres (Vaults:5)
  2 deep elf archers (Elf:1)
  An orc knight (Elf:1)
  A necromancer (Vaults:5)
  A deep elf mage (Elf:1)
  A vault sentinel (Vaults:5)
  A yaktaur (Vaults:5)
  A water elemental (Elf:3)
  A fire elemental (Elf:1)
  A human simulacrum (Vaults:5)
  An orc warrior (Vaults:5)
  4 ogres (Vaults:5)
  An earth elemental (Elf:1)
  An orc priest (Elf:1)
  3 orcs (Elf:1)
40 creatures vanquished.

Vanquished Creatures (others)
  A deep elf blademaster (Elf:3)
  A dancing weapon (Elf:2)
  An alligator (Swamp:1)
  A sixfirhy (Abyss:2)
  A spiny frog (Swamp:4)
  A warg (Vaults:5)
  2 swamp drakes (Swamp:1)
  3 boggarts
  An orc wizard (Elf:1)
  An ufetubus (Abyss:2)
  6 fungi
  2 lurking horrors (Abyss:2)
  17 plants
  4 starspawn tentacles (Abyss:2)
42 creatures vanquished.

Grand Total: 2621 creatures vanquished

Notes
Turn   | Place    | Note
-------+----------+-------------------------------------------
     0 | D:1      | nicolaieve the Minotaur Berserker began the quest for the Orb.
     0 | D:1      | Reached XP level 1. HP: 19/19 MP: 0/0
   171 | D:1      | Reached XP level 2. HP: 26/26 MP: 1/1
  1052 | D:2      | Reached skill level 5 in Maces & Flails
  1058 | D:2      | Reached XP level 3. HP: 18/31 MP: 2/2
  1127 | D:2      | Reached XP level 4. HP: 20/39 MP: 3/3
  1653 | D:2      | Reached ** piety under Trog
  2152 | D:3      | Noticed Grinder
  2159 | D:3      | Killed Grinder
  2159 | D:3      | Reached XP level 5. HP: 45/45 MP: 4/4
  2159 | D:3      | Reached XP level 6. HP: 51/51 MP: 5/5
  2446 | D:3      | Found a runed door.
  2747 | D:3      | Noticed Crazy Yiuf
  2750 | D:3      | Killed Crazy Yiuf
  2792 | D:4      | Noticed an orc warrior
  2799 | D:4      | Killed an orc warrior
  2805 | D:4      | Reached XP level 7. HP: 57/57 MP: 6/6
  2904 | D:4      | Reached skill level 10 in Maces & Flails
  3231 | D:4      | Found a snail-covered altar of Cheibriados.
  3269 | D:4      | Noticed Robin
  3277 | D:4      | Reached *** piety under Trog
  3295 | D:4      | Killed Robin
  3684 | D:5      | Entered Level 5 of the Dungeon
  3718 | D:5      | Found an ornate altar of the Wu Jian Council.
  3745 | D:5      | Found Emebb's Antique Weapon Shoppe.
  3961 | D:5      | Reached **** piety under Trog
  4007 | D:5      | Reached XP level 8. HP: 29/64 MP: 7/7
  4153 | D:5      | Reached skill level 1 in Evocations
  4234 | D:5      | Reached skill level 1 in Shields
  4610 | D:5      | Found a runed gate.
  4610 | D:5      | Found a runed gate.
  4611 | D:5      | Found a runed gate.
  4670 | D:5      | Reached ***** piety under Trog
  4783 | D:5      | Found a hazy altar of Hepliaklqana.
  4789 | D:5      | Reached skill level 5 in Fighting
  5171 | D:5      | Noticed feelmyfire's ghost (novice DrCj)
  5199 | D:5      | Killed feelmyfire's ghost
  5199 | D:5      | Reached skill level 5 in Armour
  5199 | D:5      | Reached XP level 9. HP: 75/75 MP: 9/9
  5567 | D:6      | Received a gift from Trog
  6001 | D:7      | Reached skill level 5 in Shields
  6313 | D:7      | Reached XP level 10. HP: 88/88 MP: 10/10
  6395 | D:7      | Found a staircase to the Ecumenical Temple.
  6770 | D:8      | Noticed a cyclops
  6789 | D:8      | Killed a cyclops
  6865 | D:8      | Noticed a manticore
  7142 | D:8      | Killed a manticore
  7391 | D:8      | Found a basalt altar of Yredelemnul.
  7393 | D:8      | Noticed a death knight
  7420 | D:8      | Found a transporter.
  7425 | D:8      | Found a transporter.
  7478 | D:8      | Found an ancient bone altar of Kikubaaqudgha.
  8073 | D:8      | Killed a death knight
  8073 | D:8      | Reached skill level 10 in Shields
  8150 | D:8      | Got a faintly humming ring mail
  8161 | D:8      | Identified the cursed +0 ring mail of the Comet {rElec rC+ Dex+4} (You found it on level 8 of the Dungeon)
  8395 | D:9      | Found Asut's Book Emporium.
  8445 | D:9      | Found a shimmering altar of Xom.
  8761 | D:10     | Entered Level 10 of the Dungeon
  8786 | D:9      | Reached XP level 11. HP: 52/95 MP: 11/11
  9070 | D:10     | Found an ornate altar of the Wu Jian Council.
  9174 | D:10     | Reached skill level 10 in Armour
  9378 | D:10     | Found a runed gate.
  9378 | D:10     | Noticed Rwicked's ghost (journeyman MiBe)
  9379 | D:10     | Found a runed gate.
  9380 | D:10     | Found a runed gate.
  9433 | D:10     | Received a gift from Trog
  9454 | D:10     | Found Kuiji's General Store.
  9470 | D:10     | Found a staircase to the Orcish Mines.
  9481 | D:10     | Killed an unseen horror
  9811 | D:10     | Found a roughly hewn altar of Beogh.
  9836 | D:10     | Killed Rwicked's ghost
  9877 | D:10     | Got a distressingly furry plate armour
  9877 | D:10     | Got an ichor-stained chain mail
  9903 | D:10     | Identified the +6 plate armour "Likhleple" {Regen+} (You took it off an orc priest on level 10 of the Dungeon)
  9915 | D:10     | Identified the cursed +0 chain mail "Quxzau" {*Drain rElec MR++ Str+4} (You took it off an orc warrior on level 10 of the Dungeon)
  9953 | D:11     | Noticed Gastronok
  9953 | D:11     | Noticed Snorg
  9965 | D:11     | Killed Gastronok
  9971 | D:11     | Killed Snorg
  9971 | D:11     | Reached skill level 10 in Fighting
 10028 | D:11     | Found a staircase to the Lair.
 10248 | D:11     | Noticed a two-headed ogre
 10254 | D:11     | Killed a two-headed ogre
 10280 | D:11     | Reached XP level 12. HP: 45/106 MP: 12/12
 10306 | D:11     | Noticed Erica
 10316 | D:11     | Killed Erica
 10633 | Lair:1   | Entered Level 1 of the Lair of Beasts
 10858 | Lair:1   | You fall through a shaft!
 11176 | Lair:2   | Noticed a five-headed hydra
 11183 | Lair:2   | Killed a five-headed hydra
 11207 | Lair:2   | Found a staircase to the Swamp.
 11208 | Lair:2   | Found the +9 sword of Zonguldrok {reap}
 11216 | Lair:2   | Reached skill level 5 in Dodging
 11353 | Lair:2   | Found a runed gate.
 11353 | Lair:2   | Found a runed gate.
 11353 | Lair:2   | Found a runed gate.
 11361 | Lair:2   | Noticed an 11-headed hydra
 11361 | Lair:2   | Noticed a nine-headed hydra
 11374 | Lair:2   | Noticed biddum's ghost (journeyman MiFi)
 11967 | Lair:2   | Killed a nine-headed hydra
 11970 | Lair:2   | Killed an 11-headed hydra
 11970 | Lair:2   | Reached skill level 15 in Shields
 11981 | Lair:2   | Killed biddum's ghost
 12091 | Lair:3   | Found a staircase to the Snake Pit.
 12125 | Lair:3   | Noticed a seven-headed hydra
 12133 | Lair:3   | Killed a seven-headed hydra
 12186 | Lair:3   | Received a gift from Trog
 12791 | Lair:3   | Noticed Fannar
 12799 | Lair:3   | Killed Fannar
 12799 | Lair:3   | Reached XP level 13. HP: 117/117 MP: 13/13
 14246 | Lair:5   | Found a runed gate.
 14271 | Lair:5   | Found a runed gate.
 14271 | Lair:5   | Found a runed gate.
 14276 | Lair:5   | Noticed Tioxzy's ghost (journeyman DEEE)
 14987 | Lair:5   | Killed Tioxzy's ghost
 15065 | Lair:6   | Entered Level 6 of the Lair of Beasts
 15430 | Lair:6   | Found a staircase to the Slime Pits.
 15430 | Lair:6   | Found a viscous altar of Jiyva.
 16761 | Lair:6   | Received a gift from Trog
 16795 | Lair:6   | Reached XP level 14. HP: 126/129 MP: 14/14
 17387 | Lair:6   | Identified a scroll of acquirement
 17389 | Lair:6   | Got a bound crystal amulet
 17391 | Lair:6   | Identified the amulet "Hyt Pyn" {Faith MP+9 Int+4 Slay+2} (You acquired it on level 6 of the Lair of Beasts)
 17570 | Orc:1    | Entered Level 1 of the Orcish Mines
 17570 | Orc:1    | Noticed an orc warlord
 17594 | Orc:1    | Killed an orc warlord
 17737 | Orc:1    | Found a roughly hewn altar of Beogh.
 17738 | Orc:1    | Noticed Erolcha
 17748 | Orc:1    | Killed Erolcha
 17803 | Orc:1    | Received a gift from Trog
 17827 | Orc:1    | Found a roughly hewn altar of Beogh.
 18064 | Orc:1    | Noticed an orc warlord
 18080 | Orc:1    | Killed an orc warlord
 18087 | Orc:1    | Reached ****** piety under Trog
 18155 | Orc:2    | Entered Level 2 of the Orcish Mines
 18633 | Orc:2    | Found a roughly hewn altar of Beogh.
 18710 | Orc:2    | Received a gift from Trog
 19053 | Orc:2    | Found Jiqu's Distillery.
 19063 | Orc:2    | Reached skill level 15 in Maces & Flails
 19065 | Orc:2    | Found Virphopn's General Store.
 19118 | Orc:2    | Bought a potion of haste for 180 gold pieces
 19412 | Orc:2    | Received a gift from Trog
 19503 | Orc:2    | Found a staircase to the Elven Halls.
 19717 | Orc:2    | Reached skill level 15 in Armour
 19822 | Orc:2    | Found Xeexzol's Antique Weapon Boutique.
 19822 | Orc:2    | Found a one-way gate leading to the halls of Pandemonium.
 19822 | Orc:2    | Found Zibicse's Book Shop.
 20058 | Swamp:1  | Entered Level 1 of the Swamp
 20078 | Swamp:1  | Reached XP level 15. HP: 139/139 MP: 15/15
 20398 | Swamp:1  | Got an ancient plate armour
 20409 | Swamp:1  | Identified the cursed +1 plate armour "Zopyc" {-Tele rN+++ Str+3 Int-2} (You found it on level 1 of the Swamp)
 20605 | Swamp:1  | Noticed a thorn hunter
 20630 | Swamp:1  | Killed a thorn hunter
 21001 | Swamp:2  | Reached skill level 15 in Fighting
 21153 | Swamp:2  | Noticed Louise
 21153 | Swamp:2  | Cast into level 2 of the Abyss (Louise)
 21194 | Abyss:2  | Gained mutation: Your magical capacity is low. (-10% MP) [a neqoxec]
 21211 | Abyss:2  | Found a corrupted altar of Lugonu.
 21293 | Abyss:2  | Noticed a lich
 21311 | Abyss:2  | Killed a lich
 21361 | Abyss:2  | Paralysed by accursed screaming for 2 turns
 21368 | Abyss:2  | Paralysed by accursed screaming for 1 turns
 21509 | Abyss:2  | Noticed a Hell Sentinel
 21523 | Abyss:2  | Killed a Hell Sentinel
 21846 | Abyss:2  | Noticed a tentacled starspawn
 21854 | Abyss:2  | Killed a tentacled starspawn
 21859 | Abyss:2  | Received a gift from Trog
 21900 | Abyss:2  | Noticed a bone dragon
 21910 | Abyss:2  | Killed a bone dragon
 22003 | Abyss:2  | Reached XP level 16. HP: 149/155 MP: 14/14
 22032 | Abyss:2  | Noticed a tentacled starspawn
 22262 | Abyss:2  | Gained mutation: Your body sometimes deteriorates upon taking damage. [a neqoxec]
 22281 | Abyss:2  | Noticed a tentacled starspawn
 22290 | Abyss:2  | Killed a tentacled starspawn
 22297 | Swamp:2  | Escaped the Abyss
 22320 | Swamp:2  | Killed Louise
 23679 | Swamp:3  | Got a smoking bronze ring
 23681 | Swamp:3  | Identified the ring "Ibiocvut" {MR++ Str+6 Dex+4} (You acquired it on level 3 of the Swamp)
 23683 | Swamp:3  | Found the +2 pair of boots of the Assassin {Detection Stab+ Stlth++}
 23696 | Swamp:4  | Entered Level 4 of the Swamp
 23863 | Swamp:3  | HP: 3/158 [blink frog[a spriggan druid] (10)]
 24193 | Swamp:4  | Received a gift from Trog
 24435 | Swamp:4  | Got a decaying rune of Zot
 24611 | Swamp:4  | Noticed a thorn hunter
 24632 | Swamp:4  | Killed a thorn hunter
 24975 | Snake:1  | Entered Level 1 of the Snake Pit
 25043 | Snake:1  | Reached XP level 17. HP: 161/166 MP: 15/15
 25349 | Snake:1  | Received a gift from Trog
 26062 | Snake:2  | Noticed Kirke
 26085 | Snake:2  | Killed Kirke
 26159 | Snake:2  | Received a gift from Trog
 26603 | Snake:2  | Found Debis's Antique Weapon Shoppe.
 26682 | Snake:3  | Found Yposomix's Distillery.
 26709 | Snake:3  | Bought a potion of heal wounds for 85 gold pieces
 26709 | Snake:3  | Bought a potion of curing for 51 gold pieces
 27015 | Snake:3  | Received a gift from Trog
 27858 | Snake:4  | Entered Level 4 of the Snake Pit
 27933 | Snake:4  | Noticed Saint Roka
 27965 | Snake:4  | Killed Saint Roka
 28315 | Snake:4  | Reached XP level 18. HP: 176/176 MP: 16/16
 28402 | Snake:4  | Received a gift from Trog
 28512 | Snake:4  | Got a serpentine rune of Zot
 29297 | D:12     | Received a gift from Trog
 29375 | D:12     | Got a twisted morningstar {god gift}
 29376 | D:12     | Identified the +13 morningstar "Qoanew" {crush, Int+3} (Trog gifted it to you on level 12 of the Dungeon)
 29827 | D:13     | Found a roughly hewn altar of Beogh.
 30000 | D:13     | Found a gate to the Vaults.
 30102 | D:13     | Noticed Rumuxzug's ghost (journeyman NaTm)
 30127 | D:13     | Found a runed door.
 30969 | D:14     | Received a gift from Trog
 31032 | D:14     | Noticed Josephine
 31042 | D:14     | Killed Josephine
 31226 | D:15     | Entered Level 15 of the Dungeon
 31228 | D:15     | Noticed Rupert
 31237 | D:15     | Killed Rupert
 31341 | D:15     | Found a staircase to the Depths.
 31612 | D:15     | Noticed Agnes
 31617 | D:15     | Killed Agnes
 32035 | Vaults:1 | Entered Level 1 of the Vaults
 32198 | Vaults:1 | Reached XP level 19. HP: 138/182 MP: 17/17
 32301 | Vaults:1 | Received a gift from Trog
 32313 | Vaults:1 | Got a shimmering eveningstar {god gift}
 32315 | Vaults:1 | Identified the +4 eveningstar of Dopag {freeze, Str+2} (Trog gifted it to you on level 1 of the Vaults)
 33000 | Vaults:1 | Received a gift from Trog
 33185 | Vaults:1 | Received a gift from Trog
 33242 | Vaults:1 | Found an ancient bone altar of Kikubaaqudgha.
 33954 | Vaults:2 | Received a gift from Trog
 34219 | Vaults:2 | Found a runed door.
 34219 | Vaults:2 | Noticed Tayfeniu's ghost (adept MiFi)
 34220 | Vaults:2 | Found the +5 demon whip "Spellbinder" {antimagic, MR+}
 34264 | Vaults:2 | Killed Tayfeniu's ghost
 34264 | Vaults:2 | Reached XP level 20. HP: 171/193 MP: 18/18
 34265 | Vaults:2 | Identified the Catalogue of Helpful Dark Rituals
 34516 | Vaults:2 | Found a staircase to the Crypt.
 34516 | Vaults:2 | Found a basalt altar of Yredelemnul.
 34516 | Vaults:2 | Found an ancient bone altar of Kikubaaqudgha.
 34992 | Vaults:3 | Received a gift from Trog
 35342 | Vaults:3 | Noticed Jory
 35358 | Vaults:3 | Killed Jory
 35873 | Vaults:3 | Received a gift from Trog
 35900 | Vaults:3 | Got a pitted eveningstar {god gift}
 35902 | Vaults:3 | Identified the +7 eveningstar of Ohokof {crush, +Rage} (Trog gifted it to you on level 3 of the Vaults)
 36395 | Vaults:4 | HP: 2/198 [vault guard/bardiche[a vault warden] (16)]
 36841 | Vaults:4 | Received a gift from Trog
 36967 | Vaults:4 | Reached skill level 10 in Dodging
 37147 | Vaults:4 | Reached XP level 21. HP: 184/209 MP: 19/19
 37505 | Vaults:4 | Received a gift from Trog
 37921 | Vaults:5 | Entered Level 5 of the Vaults
 38064 | Vaults:5 | Received a gift from Trog
 38084 | Vaults:5 | HP: 5/318 [frost giant/bolt of cold (32)]
 38143 | Vaults:5 | Noticed a golden dragon
 38323 | Vaults:5 | Noticed a golden dragon
 38339 | Vaults:5 | Killed a golden dragon
 38442 | Vaults:5 | Noticed an ancient lich
 38459 | Vaults:5 | Killed an ancient lich
 38459 | Vaults:5 | Received a gift from Trog
 38459 | Vaults:5 | Reached XP level 22. HP: 214/223 MP: 20/20
 38532 | Vaults:5 | Noticed a golden dragon
 38553 | Vaults:5 | Killed a golden dragon
 39112 | Vaults:5 | Killed a golden dragon
 39829 | Vaults:5 | Got a silver rune of Zot
 40273 | Elf:1    | Entered Level 1 of the Elven Halls
 40293 | Elf:1    | Received a gift from Trog
 40398 | Elf:1    | Noticed Asterion
 40414 | Elf:1    | Killed Asterion
 40948 | Elf:1    | Reached XP level 23. HP: 80/235 MP: 22/22
 40949 | Elf:1    | Received a gift from Trog
 41247 | Elf:1    | Found Cewaxije's Food Shop.
 41432 | Elf:2    | Got a pair of transparent gloves
 41433 | Elf:2    | Identified the +1 pair of gloves of Beauty {SInv} (You found it on level 2 of the Elven Halls)
 41505 | Elf:2    | Reached skill level 5 in Evocations
 41617 | Elf:2    | Found a runed gate.
 41617 | Elf:2    | Found a runed gate.
 41618 | Elf:2    | Found a runed gate.
 41843 | Elf:2    | Received a gift from Trog
 41980 | Elf:2    | Received a gift from Trog
 42204 | Elf:3    | Entered Level 3 of the Elven Halls
 42296 | Elf:3    | Received a gift from Trog
 42453 | Elf:3    | Reached skill level 15 in Dodging
 42577 | Elf:3    | Found a radiant altar of Vehumet.
 42753 | Elf:3    | Noticed Donald
 42769 | Elf:3    | Killed Donald
 43814 | Depths:1 | Entered Level 1 of the Depths
 43840 | D:15     | Received a gift from Trog
 44165 | Depths:1 | Reached XP level 24. HP: 243/243 MP: 23/23
 44417 | Depths:1 | Received a gift from Trog
 44624 | Depths:1 | Found a gateway to Hell.
 45667 | Depths:2 | Received a gift from Trog
 47007 | Depths:2 | Received a gift from Trog
 47600 | Depths:3 | Reached XP level 25. HP: 211/250 MP: 23/23
 47838 | Depths:3 | Found Ami Vif's General Store.
 47838 | Depths:3 | Found Oxkera's Distillery.
 47851 | Depths:3 | Bought a potion of heal wounds for 85 gold pieces
 47887 | Depths:3 | Bought a scroll of enchant armour for 127 gold pieces
 47887 | Depths:3 | Bought a scroll of teleportation for 51 gold pieces
 48348 | Depths:4 | Noticed Frederick
 48353 | Depths:4 | Noticed Mennas
 48412 | Depths:4 | Killed Mennas
 48418 | Depths:4 | Killed Frederick
 48772 | Depths:4 | Paralysed by a floating eye for 4 turns
 48877 | Depths:4 | Found the +10 zealot's sword {holy, *Rage rN+ EV+3}
 48916 | Depths:4 | Received a gift from Trog
 49000 | Depths:4 | Reached skill level 27 in Armour
 49206 | Depths:4 | Found a one-way gate to the infinite horrors of the Abyss.
 49723 | Depths:5 | Entered Level 5 of the Depths
 49987 | Depths:5 | Noticed Xtahua
 49997 | Depths:5 | Killed Xtahua
 50269 | Depths:5 | Received a gift from Trog
 50369 | Depths:5 | Reached XP level 26. HP: 203/259 MP: 23/23
 50467 | Depths:5 | Found a gateway to a ziggurat.
 50608 | Depths:5 | Noticed Sojobo
 50621 | Depths:5 | Killed Sojobo
 51003 | Depths:5 | Found a gate to the Realm of Zot.
 51012 | Zot:1    | Entered Level 1 of the Realm of Zot
 51051 | Zot:1    | Received a gift from Trog
 51620 | Zot:1    | Noticed an orb of fire
 51628 | Zot:1    | Gained mutation: You are weak. (Str -2) [an orb of fire]
 51632 | Zot:1    | Killed an orb of fire
 52315 | Zot:2    | Noticed an orb of fire
 52322 | Zot:2    | Gained mutation: Scrolls take you a little longer to read. [an orb of fire]
 52328 | Zot:2    | Gained mutation: You are dopey. (Int -2) [an orb of fire]
 52360 | Zot:2    | Gained mutation: Your spells are a little easier to cast, but a little less powerful. [an orb of fire]
 52364 | Zot:2    | Killed an orb of fire
 52364 | Zot:2    | Received a gift from Trog
 52657 | Zot:2    | Reached XP level 27. HP: 251/267 MP: 23/23
 52930 | Zot:2    | Identified the Volume of the Volcanoes and Changing
 54762 | Zot:5    | Entered Level 5 of the Realm of Zot
 55417 | Zot:5    | Noticed an orb of fire
 55418 | Zot:5    | Gained mutation: You are occasionally teleported next to monsters. [an orb of fire]
 55419 | Zot:5    | Gained mutation: You are very dopey. (Int -4) [an orb of fire]
 55420 | Zot:5    | Gained mutation: You are frail. (-10% HP) [an orb of fire]
 55423 | Zot:5    | Gained mutation: You are very weak. (Str -4) [an orb of fire]
 55425 | Zot:5    | Received a gift from Trog
 55426 | Zot:5    | Gained mutation: You are very frail. (-20% HP) [an orb of fire]
 55426 | Zot:5    | Gained mutation: You tend to lose your temper in combat. [an orb of fire]
 55431 | Zot:5    | Gained mutation: You are clumsy. (Dex -2) [an orb of fire]
 55439 | Zot:5    | Killed an orb of fire
 55441 | Zot:5    | Found a runed gate.
 55441 | Zot:5    | Found a runed gate.
 55441 | Zot:5    | Noticed Derchecw's ghost (legendary KoAK)
 55443 | Zot:5    | Found a runed gate.
 55540 | Zot:5    | Noticed an ancient lich
 55549 | Zot:5    | Killed an ancient lich
 55568 | Zot:5    | Noticed an ancient lich
 55576 | Zot:5    | Killed an ancient lich
 55592 | Zot:5    | Noticed an ancient lich
 55605 | Zot:5    | Killed an ancient lich
 55707 | Zot:5    | Reached skill level 27 in Shields
 55750 | Zot:5    | Noticed an ancient lich
 55766 | Zot:5    | Killed an ancient lich
 55815 | Zot:5    | Noticed an orb of fire
 55842 | Zot:5    | Gained mutation: Scrolls take you longer to read. [an orb of fire]
 55846 | Zot:5    | Killed an orb of fire
 55925 | Zot:5    | Reached skill level 27 in Fighting
 55938 | Zot:5    | Noticed an ancient lich
 55952 | Zot:5    | Noticed an orb of fire
 55971 | Zot:5    | Killed an ancient lich
 55978 | Zot:5    | Gained mutation: You are extremely frail. (-30% HP) [an orb of fire]
 55978 | Zot:5    | Gained mutation: You are sometimes teleported next to monsters. [an orb of fire]
 55988 | Zot:5    | Gained mutation: Your magical capacity is very low. (-20% MP) [an orb of fire]
 55989 | Zot:5    | HP: 6/191 [orb of fire/bolt of fire (35)]
 55990 | Zot:5    | Killed from afar by an orb of fire

Skill      XL: |  1  2  3  4  5  6  7  8  9 10 11 12 13 14 15 16 17 18 19 20 21 22 23 24 25 26 27 |
---------------+----------------------------------------------------------------------------------+-----
Maces & Flails | 4 5 8 9 11 12 16 | 16.0
Evocations     | 1 2 4 6 |  6.0
Shields        | 4 6 10 13 15 17 20 22 24 25 27 | 27.0
Fighting       | 5 7 8 10 11 13 14 17 18 19 20 22 24 25 27 | 27.0
Armour         | 5 8 9 10 12 14 15 16 17 18 19 20 21 23 25 27 | 27.0
Dodging        | 4 5 7 8 9 10 11 13 16 17 20 24 25 | 25.8

Action                   |  1- 3 |  4- 6 |  7- 9 | 10-12 | 13-15 | 16-18 | 19-21 | 22-24 | 25-27 || total
-------------------------+-------+-------+-------+-------+-------+-------+-------+-------+-------++-------
Melee: Mace              |    33 |       |       |       |       |       |       |       |       ||    33
       Headbutt          |    12 |    13 |   110 |   220 |   321 |   479 |   498 |   591 |   619 ||  2863
       Whip              |    23 |    67 |   560 |   731 |   379 |       |       |       |       ||  1760
       Eveningstar       |       |       |       |       |   816 |  1500 |  1371 |  1645 |  1610 ||  6942
Invok: Berserk           |       |     2 |     7 |    15 |    25 |    15 |     8 |     6 |     4 ||    82
       Trog's Hand       |       |       |     2 |     7 |    13 |     5 |    12 |    13 |    11 ||    63
       Brothers in Arms  |       |       |       |       |       |       |     5 |     8 |     5 ||    18
Evoke: Wand              |       |       |       |       |       |       |     2 |       |       ||     2
  Use: Scroll            |       |       |    11 |    14 |    20 |    21 |    13 |    13 |     6 ||    98
       Potion            |       |       |       |       |     7 |     3 |     7 |     1 |     4 ||    22
 Stab: Petrified         |       |       |       |       |     1 |       |       |       |       ||     1
       Distracted        |       |       |       |       |       |       |     1 |     1 |       ||     2
  Eat: Chunk             |     1 |     6 |    19 |    31 |    39 |    36 |    27 |    36 |    27 ||   222
       Ration            |       |       |       |     2 |     7 |     5 |     3 |     3 |     4 ||    24
Armor: Animal skin       |     4 |       |       |       |       |       |       |       |       ||     4
       Scale mail        |     8 |    13 |     3 |       |       |       |       |       |       ||    24
       Plate armour      |       |       |   163 |    72 |   248 |   484 |   274 |    47 |       ||  1288
       Ring mail         |       |       |       |    37 |       |       |       |       |       ||    37
       Chain mail        |       |       |       |    76 |   140 |       |       |       |       ||   216
       Gold dragon scale |       |       |       |       |       |       |       |   417 |   460 ||   877
Dodge: Dodged            |    32 |    16 |    83 |   165 |   407 |   546 |   342 |   626 |   774 ||  2991
Block: Buckler           |       |       |    26 |       |       |       |       |       |       ||    26
       Shield            |       |       |    68 |   447 |   823 |    62 |       |       |       ||  1400
       Large shield      |       |       |       |       |       |  2016 |  1899 |  2474 |  2390 ||  8779
